 Dungeon Crawl Stone Soup version 0.30-a0-867-g305f33218d (webtiles) character file.

Game seed: 15151996373584803905

252 Dittersdorf the Trooper (level 6, 0/39 HPs)
             Began as a Gargoyle Fighter on Mar 10, 2023.
             Was an Initiate of Okawaru.
             Slain by Pikel
             ... wielding a +2 whip of freezing
              (1 damage)
             ... on level 4 of the Dungeon.
             The game lasted 00:03:42 (2523 turns).

Dittersdorf the Trooper (Gargoyle Fighter)          Turns: 2523, Time: 00:03:43

Health: 0/39       AC: 11    Str: 21    XL:     6   Next: 14%
Magic:  6/6        EV:  9    Int:  9    God:    Okawaru [......]
Gold:   193        SH:  4    Dex:  9    Spells: 5/5 levels left

rFire   . . .      SeeInvis .    a - +0 flail
rCold   . . .      Faith    .    c - +0 buckler
rNeg    + . .      Spirit   .    b - +0 scale mail
rPois   ∞          Reflect  .    (no helmet)
rElec   +          Rampage  .    (no cloak)
rCorr   .                        (no gloves)
Will    .....                    (no boots) Stlth
                                 (no amulet)
HPRegen 0.26/turn                (no ring)
MPRegen 0.10/turn                (no ring)

@: mighty
A: sickness immunity, AC +4, negative energy resistance 1, electricity
resistance, torment resistance 1, petrification resistance
a: Renounce Religion


You were on level 4 of the Dungeon.
You worshipped Okawaru.
Okawaru was noncommittal.
You visited 1 branch of the dungeon, and saw 4 of its levels.

You collected 193 gold pieces.

Inventory:

Hand Weapons
 a - a +0 flail (weapon)
Armour
 b - a +0 scale mail (worn)
 c - a +0 buckler (worn)
Jewellery
 m - a ring of ice
Scrolls
 g - a scroll of teleportation
Potions
 d - a potion of might
 h - 3 potions of curing
 i - a potion of cancellation
 j - a potion of magic {unknown}
 k - a potion of degeneration {unknown}
 l - a potion of resistance {unknown}
 n - 2 potions of ambrosia


   Skills:
 + Level 4.6 Fighting
 + Level 3.5 Maces & Flails
 + Level 4.6 Armour
 + Level 4.6 Shields


You had 5 spell levels left.
You didn't know any spells.
Your spell library was empty.

Dungeon Overview and Level Annotations

Branches:
Dungeon (4/15)
 Temple: D:4-7

Altars:
Cheibriados
Hepliaklqana
Makhleb
Nemelex Xobeh
Okawaru

Annotations:
D:3 2 runed translucent doors
D:4 2 runed translucent doors, Palms's ghost, amateur BaWr; Pikel


Innate Abilities, Weirdness & Mutations

You are immune to sickness and miasma.
Your stone body is resilient. (AC +4)
You are immune to poison.
You resist negative energy. (rN+)
You are resistant to electric shocks. (rElec)
You are resistant to unholy torment.
You are immune to petrification.


Message History

Pikel hits you with a +2 whip of freezing!
Pikel freezes you.
You hit Pikel but do no damage.
Pikel hits you with a +2 whip of freezing.
Pikel freezes you.
You barely miss Pikel. You block Pikel's attack.
Pikel hits you with a +2 whip of freezing.
Pikel freezes you.
You are too injured to fight recklessly!
You are too injured to fight recklessly!
You are too injured to fight recklessly!
You are too injured to fight recklessly!
You are too injured to fight recklessly!
You are too injured to fight recklessly!
You are too injured to fight recklessly!
You are too injured to fight recklessly!
You feel very mighty all of a sudden. You block Pikel's attack.
You thump Pikel!
Pikel is moderately wounded.
Pikel closely misses you.
You thump Pikel!
Pikel is severely wounded.
Pikel hits you but does no damage.
You barely miss Pikel.
Pikel is severely wounded.
Pikel hits you with a +2 whip of freezing.
Pikel freezes you.
You closely miss Pikel.
Pikel is severely wounded.
Pikel hits you with a +2 whip of freezing.
* * * LOW HITPOINT WARNING * * *
Pikel freezes you.
* * * LOW HITPOINT WARNING * * *
You closely miss Pikel.
Pikel is severely wounded.
Pikel hits you with a +2 whip of freezing.
* * * LOW HITPOINT WARNING * * *
Pikel freezes you.
You die...

#†#........#.# ## #
#)##########.####.##~#
#...............#..~#
###.............#..~~≈
##########....+§#..#
#....+...).
#.#..#.⌠..#
#....#W.#~# ##@####~.#
#K# ## #~~~..55#
#~#...5.. #~~~...#..
#~#~..# ##. #~~~~. #.
#~#~.. #. #~#~.. .#


You could see Pikel, 3 lemures and Palms's ghost.

Vanquished Creatures
  A scorpion (D:4)
  A hound (D:4)
  2 orc priests (D:3)
  3 adders
  3 worms (D:2)
  A dart slug (D:1)
  6 orcs
  6 ball pythons
  7 endoplasms
  2 giant cockroaches (D:1)
  2 goblins
  3 hobgoblins
  4 jackals (D:2)
  6 kobolds
  A quokka (D:3)
  5 bats
  5 frilled lizards
  10 rats
68 creatures vanquished.

Notes
Turn   | Place    | Note
-------+----------+-------------------------------------------
     0 | D:1      | Dittersdorf the Gargoyle Fighter began the quest for the
                  | Orb.
     0 | D:1      | Reached XP level 1. HP: 14/14 MP: 1/1
   131 | D:1      | Reached XP level 2. HP: 18/19 MP: 2/2
   324 | D:1      | Found a faded altar of an unknown god.
   766 | D:2      | Found a hazy altar of Hepliaklqana.
   775 | D:2      | Reached XP level 3. HP: 16/23 MP: 3/3
  1151 | D:2      | Reached XP level 4. HP: 15/29 MP: 4/4
  1742 | D:3      | Reached XP level 5. HP: 32/33 MP: 5/5
  1843 | D:3      | Found a large runed translucent door.
  1844 | D:3      | Found a large runed translucent door.
  2106 | D:3      | Found an iron altar of Okawaru.
  2121 | D:3      | Became a worshipper of Warmaster Okawaru
  2404 | D:4      | Found a sparkling altar of Nemelex Xobeh.
  2440 | D:4      | Reached XP level 6. HP: 39/39 MP: 6/6
  2463 | D:4      | Found a burning altar of Makhleb.
  2465 | D:4      | Found a snail-covered altar of Cheibriados.
  2504 | D:4      | Found a large runed translucent door.
  2504 | D:4      | Found a large runed translucent door.
  2508 | D:4      | Noticed Palms's ghost (amateur BaWr)
  2512 | D:4      | Noticed Pikel
  2523 | D:4      | HP: 1/39 [Pikel/+2 whip of freezing (3)]
  2523 | D:4      | Slain by Pikel

Illustrated notes

Levels and vault maps discovered:
D:1:      lightli_molten_gateway, layout_basic,
          dreamdust_ecumenical_altar_angels_and_demons
D:2:      layout_rooms, basic_altar, roderic_lattice_a
D:3:      layout_rooms, jmf_multi_god_temple2, amcnicky_altar_gilded
D:4:      nicolae_BIG_FREAKIN_CUBE, layout_rooms,
          nemelex_xobeh_ov_fountains_minmay, jmf_multi_god_temple,
          lightli_sewer_entry_pipes, ebering_ghost_disaster_area,
          minmay_ruptured, uniq_pikel

Skill      XL: |  1  2  3  4 |
---------------+-------------+-----
Fighting       | 4 |  4.6
Armour         | 4 |  4.6
Shields        | 4 |  4.6
Maces & Flails | 3 |  3.5

Action                     |  1- 3 |  4- 6 || total
---------------------------+-------+-------++-------
  Melee: Flail             |   137 |   109 ||   246
    Use: Scroll            |       |     9 ||     9
         Potion            |       |     1 ||     1
 Armour: Scale mail        |    83 |    64 ||   147
  Dodge: Dodged            |    72 |    54 ||   126
  Block: Buckler           |    34 |    24 ||    58

Table legend: (Time is in decaauts)
 A = Elapsed time spent in this place.
 B = Non-inter-level travel time spent in this place.
 C = Inter-level travel time spent in this place.
 D = Time resting spent in this place.
 E = Time spent auto-exploring this place.
 F = Levels seen in this place.
 G = Mean time per level.
                   A        B        C        D        E       F      G
               +--------+--------+--------+--------+--------+-----+--------+
         Total |   2601 |   2518 |     83 |    167 |   1670 |   4 |  650.2 |
       Dungeon |   2601 |   2518 |     83 |    167 |   1670 |   4 |  650.2 |
               +--------+--------+--------+--------+--------+-----+--------+

Top non-repeatable levels by time:
     D:2: 918 daAuts
     D:3: 801 daAuts
     D:1: 718 daAuts
     D:4: 162 daAuts
